 Dungeon Crawl Stone Soup version 0.23-a0-641-g0a7f1ce553 (webtiles) character file.

2557 HereIgoKillingAgain the Thaumaturge (level 9, -3/45 HPs)
             Began as a Deep Elf Fire Elementalist on Dec 30, 2018.
             Was a Priest of Sif Muna.
             Slain by a centaur (6 damage)
             ... on level 8 of the Dungeon.
             The game lasted 00:13:53 (7472 turns).

HereIgoKillingAgain the Thaumaturge (DEFE)          Turns: 7472, Time: 00:13:54

Health: -3/45      AC:  6    Str:  5    XL:     9   Next: 31%
Magic:  35/41      EV: 13    Int: 26    God:    Sif Muna [***...]
Gold:   276        SH:  3    Dex: 15    Spells: 18/31 levels left

rFire    . . .     SeeInvis +   A - staff of power
rCold    . . .     Gourm    .   (no shield)
rNeg     + . .     Faith    .   a - +0 robe
rPois    .         Spirit   .   o - +1 helmet {SInv}
rElec    .         Reflect  +   e - +1 cloak
rCorr    .         Harm     .   (no gloves)
MR       .....                  (no boots)
Stlth    ++........             h - +3 amulet of reflection
HPRegen  0.15/turn              y - +2 ring of intelligence
MPRegen  0.27/turn              s - ring of positive energy

@: no status effects
A: no striking features
a: Divine Energy, Channel Magic, Renounce Religion


You were on level 8 of the Dungeon.
You worshipped Sif Muna.
Sif Muna was most pleased with you.
You were not hungry.

You visited 2 branches of the dungeon, and saw 9 of its levels.
You also visited: Ossuary.

You collected 546 gold pieces.
You spent 270 gold pieces at shops.

Inventory:

Hand Weapons
 l - a +1 scythe of protection
Armour
 a - a +0 robe (worn)
 e - a +1 cloak (worn)
 o - a +1 helmet of see invisible (worn)
Magical Staves
 A - an uncursed staff of power (weapon)
Jewellery
 h - a +3 amulet of reflection (around neck)
 j - a +2 ring of dexterity
 r - an uncursed ring of flight {unknown}
 s - a ring of positive energy (right hand)
 y - a +2 ring of intelligence (left hand)
 z - an uncursed amulet of rage {unknown}
Wands
 p - a wand of clouds (5)
Scrolls
 b - 4 scrolls of teleportation
 f - a scroll of fog
 g - 3 scrolls of enchant weapon
 i - a scroll of summoning {unknown}
 k - a scroll of blinking {unknown}
 m - a scroll of remove curse
 n - a scroll of enchant armour {unknown}
 t - a scroll of magic mapping {unknown}
 v - a scroll of immolation {unknown}
 w - a scroll of random uselessness {unknown}
Potions
 d - a potion of agility
 q - 4 potions of curing
 u - 3 potions of ambrosia
 x - 2 potions of flight
Comestibles
 c - 11 rations


   Skills:
 - Level 2.4 Dodging
 - Level 2.4 Stealth
 * Level 11.8 Spellcasting
 + Level 6.9 Conjurations
 + Level 7.7 Fire Magic


You had 18 spell levels left.
You knew the following spells:

 Your Spells              Type           Power        Failure   Level  Hunger
a - Flame Tongue          Conj/Fire      #####        1%          1    None
b - Conjure Flame         Conj/Fire      ######..     1%          3    None
c - Sticky Flame          Conj/Fire      ######..     1%          4    None
d - Fireball              Conj/Fire      ######....   5%          5    ###....

Your spell library contained the following spells:

 Spells                   Type           Power        Failure   Level  Hunger
 Throw Flame              Conj/Fire      ######       1%          2    None
 Inner Flame              Hex/Fire       #####...     2%          3    None


Dungeon Overview and Level Annotations

Branches:
Dungeon (8/15)             Temple (1/1) D:4
   Lair: D:8-11

Altars:
Ashenzari
Cheibriados
Dithmenos
Elyvilon
Fedhas
Gozag
Hepliaklqana
Kikubaaqudgha
Makhleb
Nemelex Xobeh
Okawaru
Qazlal
Ru
Sif Muna
Vehumet
Wu Jian
Yredelemnul
Zin
The Shining One

Shops:
D:4 *

Annotations:
D:3 Morenatsu's ghost, weakling DrCj


Message History

* * * LOW HITPOINT WARNING * * *
Casting: Flame Tongue (safe; 1% risk of failure)
Confirm with . or Enter, or press ? or * to list all spells.
Aiming: Flame Tongue (safe; 1% risk of failure)
Press: ? - help, Shift-Dir - straight line, f/p - centaur
Aim: a centaur (heavily wounded)
The flame tongue hits the centaur.
The centaur is heavily wounded.
The centaur barely misses you.
Casting: Flame Tongue (safe; 1% risk of failure)
Confirm with . or Enter, or press ? or * to list all spells.
Aiming: Flame Tongue (safe; 1% risk of failure)
Press: ? - help, Shift-Dir - straight line, f/p - centaur
Aim: a centaur (heavily wounded)
The flame tongue hits the centaur.
The centaur is heavily wounded.
The centaur hits you.
* * * LOW HITPOINT WARNING * * *
The centaur hits you.
You die...

#..... .. #.....
.## .# #..)..
...# .. ##....#
....##.##
#####.....#
........#
##..##.....#
........#
##..........#
....%.c.##
#.[........##
#@.# #.........<#
#(.###..........#
##(.#####.......#
#..## #......##
#...# ##......# #
##..###.......###
#.(.##.......##.
#...#.......#...
##....[.........


You could see a centaur.

Vanquished Creatures
  Sigmund (D:5)
  2 ice beasts
  An orc warrior (D:7)
  5 ogres
  2 phantoms (D:6)
  A crocodile (D:7)
  2 big kobolds
  A bullfrog (D:6)
  A scorpion (D:7)
  8 killer bees (D:7)
  2 crimson imps (D:5)
  3 hounds
  2 centaur zombies
  An orc priest (D:4)
  A centaur skeleton (D:7)
  An iguana (D:6)
  6 worker ants
  3 big kobold zombies (Ossuary)
  A hound skeleton (D:7)
  2 mummies (Ossuary)
  A howler monkey zombie (D:8)
  A worker ant zombie (D:7)
  8 adders
  8 gnolls
  A shadow imp (D:5)
  An ooze (D:7)
  4 adder zombies
  2 adder skeletons
  2 worms
  3 dart slugs (D:3)
  4 leopard geckos
  6 orcs
  2 ball pythons
  15 bats
  5 giant cockroaches
  6 goblins
  2 hobgoblins (D:3)
  A jackal (D:1)
  3 quokkas
  2 frilled lizards
  2 giant cockroach zombies (D:5)
  9 hobgoblin zombies (Ossuary)
  A jackal zombie (Ossuary)
  10 kobolds
  10 kobold zombies (Ossuary)
  A leopard gecko zombie (D:5)
  9 orc zombies (Ossuary)
  A quokka skeleton (D:4)
  5 rats
  A rat zombie (Ossuary)
172 creatures vanquished.

Vanquished Creatures (others)
  4 toadstools (D:1)
4 creatures vanquished.

Grand Total: 176 creatures vanquished

Notes
Turn   | Place    | Note
-------+----------+-------------------------------------------
     0 | D:1      | HereIgoKillingAgain the Deep Elf Fire Elementalist began
                  | the quest for the Orb.
     0 | D:1      | Reached XP level 1. HP: 10/10 MP: 6/6
   276 | D:1      | Reached XP level 2. HP: 10/15 MP: 2/8
   501 | D:2      | Found a sparkling altar of Nemelex Xobeh.
   804 | D:1      | Reached skill level 4 in Spellcasting
  1169 | D:2      | Reached XP level 3. HP: 19/19 MP: 6/10
  1283 | D:2      | Found a radiant altar of Vehumet.
  1695 | D:3      | Learned a level 3 spell: Conjure Flame
  1931 | D:3      | Reached XP level 4. HP: 24/24 MP: 8/12
  2185 | D:3      | Found a glowing golden altar of the Shining One.
  2244 | D:3      | Found a runed gate.
  2244 | D:3      | Found a runed gate.
  2247 | D:3      | Noticed Morenatsu's ghost (weakling DrCj)
  2249 | D:3      | Noticed a big kobold
  2474 | D:3      | Reached skill level 5 in Spellcasting
  2488 | D:3      | Found an iron altar of Okawaru.
  2747 | D:3      | Noticed a big kobold
  2749 | D:3      | Found a runed gate.
  2804 | D:3      | Killed a big kobold
  2804 | D:3      | Reached XP level 5. HP: 6/28 MP: 5/15
  3217 | D:4      | Noticed an ogre
  3235 | D:4      | Killed an ogre
  3235 | D:4      | Reached skill level 6 in Spellcasting
  3237 | D:4      | Reached XP level 6. HP: 32/32 MP: 11/17
  3360 | D:4      | Found a staircase to the Ecumenical Temple.
  3374 | Temple   | Entered the Ecumenical Temple
  3454 | Temple   | Became a worshipper of Sif Muna the Loreminder
  3499 | D:4      | Learned a level 4 spell: Sticky Flame
  3505 | D:4      | Learned a level 5 spell: Fireball
  3514 | D:4      | Reached skill level 7 in Spellcasting
  3514 | D:4      | Reached skill level 5 in Fire Magic
  3520 | D:4      | Found Pafuu's General Store.
  3531 | D:4      | Bought a wand of clouds (5) for 270 gold pieces
  3747 | D:5      | Entered Level 5 of the Dungeon
  3749 | D:5      | Reached XP level 7. HP: 36/36 MP: 16/19
  3887 | D:5      | Reached skill level 8 in Spellcasting
  4002 | D:5      | Noticed Sigmund
  4315 | D:5      | Killed Sigmund
  4315 | D:5      | Reached * piety under Sif Muna
  4880 | D:5      | Reached skill level 9 in Spellcasting
  4880 | D:5      | Reached skill level 5 in Conjurations
  4880 | D:5      | Reached XP level 8. HP: 24/41 MP: 18/23
  5440 | D:6      | Reached ** piety under Sif Muna
  5440 | D:6      | Reached skill level 10 in Spellcasting
  5775 | D:7      | Found a sand-covered staircase.
  5790 | Ossuary  | Entered an ossuary
  6231 | D:7      | Reached skill level 11 in Spellcasting
  6253 | D:7      | Reached XP level 9. HP: 34/45 MP: 9/26
  6374 | D:7      | Reached *** piety under Sif Muna
  7472 | D:8      | Slain by a centaur

Vault maps used:
D:1:      dpeg_arrival_water_fire, minmay_gold_behind_fungi, st_stairs_10
D:2:      fiery_altar_vehumet, nemelex_xobeh_ov_fountains_minmay
D:3:      minmay_angry_zag, nicolae_overflow_hidden_temple,
          overflow_temple_1_default, gammafunk_ghost_nasty_kobolds
D:4:      minmay_temple_entry_proselytizer, first_ration, serial_column_ruins,
          column_ruins_columns_corner, column_ruins_columns_straight,
          column_ruins_open_small, serial_shops, shop, grunt_ministairs_13
D:5:      kb_forest_paths, uniq_sigmund
D:7:      lightli_ossuary_entry_decrepit_ruins
Temple:   compressed_dpeg_circular_temple
Ossuary:  ossuary_tomb_1

Skill      XL: |  1  2  3  4  5  6  7  8 |
---------------+-------------------------+-----
Spellcasting   | 4 5 6 7 9 11 | 11.8
Conjurations   | 2 3 4 5 6 |  6.9
Fire Magic     | 4 5 6 7 |  7.7
Dodging        | |  2.4
Stealth        | |  2.4

Action                   |  1- 3 |  4- 6 |  7- 9 || total
-------------------------+-------+-------+-------++-------
Melee: Unarmed           |     6 |     8 |     2 ||    16
       Scythe            |       |       |   244 ||   244
 Cast: Flame Tongue      |    73 |    67 |   213 ||   353
       Conjure Flame     |       |     1 |    10 ||    11
       Sticky Flame      |       |     2 |    17 ||    19
       Fireball          |       |       |     1 ||     1
Invok: Divine Energy     |       |       |     1 ||     1
       Stop Divine Energ |       |       |     1 ||     1
  Use: Potion            |     3 |     2 |     4 ||     9
       Scroll            |     3 |       |     4 ||     7
 Stab: Sleeping          |     1 |     1 |       ||     2
  Eat: Chunk             |     2 |     3 |     1 ||     6
       Ration            |     1 |       |     4 ||     5
Armor: Robe              |     8 |     7 |   118 ||   133
Dodge: Dodged            |    34 |    16 |   240 ||   290
Block: Other             |     5 |     2 |    57 ||    64
       Reflection        |       |       |     2 ||     2

Table legend:
 A = Non-vault XP
 B = Vault XP
 C = Vault XP percentage of total XP
 D = Non-vault monster count
 E = Vault monster count
 F = Vault count percentage of total count
                 A         B        C        D         E       F
            +---------+---------+-------+---------+---------+-------
      Total |    2860 |     794 |  21.7 |     112 |      60 |  34.9
            +---------+---------+-------+---------+---------+-------
        D:1 |      19 |       8 |  29.6 |      14 |       4 |  22.2
        D:2 |      32 |       0 |   0.0 |      12 |       0 |   0.0
        D:3 |      50 |     132 |  72.5 |      17 |      10 |  37.0
        D:4 |     449 |      41 |   8.4 |       9 |       1 |  10.0
        D:5 |     408 |     407 |  49.9 |      18 |       6 |  25.0
        D:6 |     784 |       0 |   0.0 |      16 |       0 |   0.0
        D:7 |    1069 |       0 |   0.0 |      24 |       0 |   0.0
        D:8 |      49 |       0 |   0.0 |       2 |       0 |   0.0
    Ossuary |       0 |     206 | 100.0 |       0 |      39 | 100.0
            +---------+---------+-------+---------+---------+-------
